 Dungeon Crawl Stone Soup version 0.25-a0-167-g836c352 (webtiles) character file.

Game seed: 4314508622454400197, levelgen mode: deterministic

89 TheGoonsmith the Insei (level 4, 0/33 HPs)
             Began as a Merfolk Transmuter on Nov 25, 2019.
             Killed by divine providence
             ... invoked by an orc priest
              (15 damage)
             ... on level 3 of the Dungeon.
             The game lasted 00:03:46 (3155 turns).

TheGoonsmith the Insei (Merfolk Transmuter)         Turns: 3155, Time: 00:03:47

Health: 0/33       AC:  2    Str: 10    XL:     4   Next: 55%
Magic:  5/7        EV: 21    Int: 12    God:
Gold:   116        SH:  0    Dex: 20    Spells: 2/8 levels left

rFire    . . .     SeeInvis .     - Unarmed
rCold    . . .     Gourm    .   (shield currently unavailable)
rNeg     . . .     Faith    .   (armour currently unavailable)
rPois    x         Spirit   .   (helmet currently unavailable)
rElec    .         Reflect  .   (cloak currently unavailable)
rCorr    .         Harm     .   (gloves currently unavailable)
MR       .....                  (boots currently unavailable)
Stlth    ++........             (no amulet)
HPRegen  0.11/turn              (no ring)
MPRegen  0.10/turn              (no ring)

@: spider-form (expiring)
A: tiny, (change form in water), (swift swim), (stealthy swim)
a: End Transformation


You were on level 3 of the Dungeon.
You were not hungry.
You were a venomous arachnid creature.
You visited 1 branch of the dungeon, and saw 3 of its levels.

You collected 116 gold pieces.

Inventory:

Missiles
 a - 25 arrows
Armour
 b - a +0 robe (melded)
 c - a +0 helmet (melded)
Jewellery
 m - a cursed -2 ring of strength {unknown}
Scrolls
 f - 4 scrolls of enchant weapon {unknown}
 g - 2 scrolls of identify {unknown}
 h - a scroll of random uselessness {unknown}
 j - a scroll of remove curse {unknown}
 k - 5 scrolls of magic mapping {unknown}
 l - a scroll of teleportation {unknown}
 n - a scroll of amnesia {unknown}
 p - a scroll of immolation {unknown}
Potions
 e - a potion of heal wounds {unknown}
 i - 2 potions of flight {unknown}
 q - a potion of haste {unknown}
Comestibles
 d - 5 rations
 o - a chunk of flesh


   Skills:
 + Level 2.0 Fighting
 + Level 3.3 Dodging
 * Level 4.3 Unarmed Combat
 + Level 2.5 Spellcasting
 + Level 3.6 Transmutations


You had 2 spell levels left.
You knew the following spells:

 Your Spells              Type           Power        Failure   Level  Hunger
a - Beastly Appendage     Tmut           ##....       17%         1    #......
b - Sticks to Snakes      Tmut           ##......     22%         2    ###....
c - Spider Form           Tmut/Pois      #.........   58%         3    ###....

Your spell library contained the following spells:

 Spells                   Type           Power        Failure   Level  Hunger
 Ice Form                 Ice/Tmut       #.......     90%         4    #####..
 Blade Hands              Tmut           ##........   95%         5    ######.


Dungeon Overview and Level Annotations

Branches:
Dungeon (3/15)

Altars:


Message History

The orc priest is poisoned.
The orc completely misses you. The orc priest closely misses you.
You hit the orc priest but do no damage.
The orc priest mumbles some strange prayers to Beogh against you.
Beogh smites you!
The orc priest hits you with a cursed -2 short sword!
The orc misses you.
Your transformation is almost over.
You bite the orc!
You kill the orc!
Your Fighting skill increases to level 2!
You hit the orc priest.
The orc priest looks even sicker.
The orc priest is lightly wounded.
The orc priest closely misses you.
You hit the orc priest.
The orc priest looks as sick as possible!
The orc priest is heavily wounded.
The orc priest mumbles some strange prayers to Beogh against you.
Beogh smites you!
You die...

###.###.....#
#..........## # ..
#...........###.# ...
##..####.###..#.# ....
...........#...###.#..
##...........#)......
#.....##.###...###.##...
#.....##.# ##..#.o......
......##.# #..#s# #
#.<...##.# #..#o#.###..
#.....##.####...o.......
###....!................
#.###.#####.##.#####.#
.... #.# #.##.#
###..##.# .....# #..##.#
##.#### ...... ..#


You could see 2 orc priests and an orc.

Vanquished Creatures
  2 adders (D:2)
  3 worms (D:2)
  A dart slug (D:1)
  A leopard gecko (D:1)
  An orc (D:3)
  2 giant cockroaches
  4 hobgoblins
  12 jackals
  7 bats
  3 frilled lizards
  3 goblins
  8 kobolds
  3 rats
50 creatures vanquished.

Vanquished Creatures (collateral kills)
  2 worms (D:2)
2 creatures vanquished.

Grand Total: 52 creatures vanquished

Notes
Turn   | Place    | Note
-------+----------+-------------------------------------------
     0 | D:1      | TheGoonsmith the Merfolk Transmuter began the quest for the
                  | Orb.
     0 | D:1      | Reached XP level 1. HP: 15/15 MP: 3/3
   376 | D:1      | Reached XP level 2. HP: 21/21 MP: 3/5
   420 | D:1      | Learned a level 2 spell: Sticks to Snakes
   843 | D:1      | Reached XP level 3. HP: 18/26 MP: 4/6
  1186 | D:2      | Learned a level 3 spell: Spider Form
  1788 | D:2      | Reached skill level 4 in Unarmed Combat
  1972 | D:2      | Reached XP level 4. HP: 30/33 MP: 0/7
  2958 | D:2      | Found a faded altar of an unknown god.
  3155 | D:3      | Killed from afar by an orc priest

Levels and vault maps discovered:
D:1:      minmay_arrival_stone_box, layout_loops_cross
D:2:      layout_basic, serial_glass, glass_columns_a, glass_columns_a,
          chequers_ecumenical_altar_grove, minmay_distorted
D:3:      layout_loops_ring, portal_sewer_entry_d, uniq_ijyb, uniq_sigmund

Skill      XL: |  1  2  3  4 |
---------------+-------------+-----
Transmutations | 3 |  3.6
Dodging        | 3 |  3.3
Unarmed Combat | 4 |  4.3
Fighting       | 2 |  2.0
Spellcasting   | |  2.5

Action                   |  1- 3 |  4- 6 || total
-------------------------+-------+-------++-------
Melee: Unarmed           |   121 |    63 ||   184
       Headbutt          |     6 |       ||     6
       Punch             |     1 |       ||     1
 Cast: Beastly Appendage |     7 |       ||     7
       Sticks to Snakes  |     5 |       ||     5
       Spider Form       |     1 |     2 ||     3
 Stab: Sleeping          |     2 |     1 ||     3
  Eat: Chunk             |     3 |     5 ||     8
Armor: Robe              |    23 |     9 ||    32
       Skin              |     1 |     3 ||     4
Dodge: Dodged            |    86 |    34 ||   120

Table legend:
 A = Non-vault XP
 B = Vault XP
 C = Vault XP percentage of total XP
 D = Non-vault monster count
 E = Vault monster count
 F = Vault count percentage of total count
                 A         B        C        D         E       F
            +---------+---------+-------+---------+---------+-------
      Total |     111 |      17 |  13.3 |      50 |       2 |   3.8
            +---------+---------+-------+---------+---------+-------
        D:1 |      44 |       0 |   0.0 |      26 |       0 |   0.0
        D:2 |      61 |      17 |  21.8 |      21 |       2 |   8.7
        D:3 |       6 |       0 |   0.0 |       3 |       0 |   0.0
            +---------+---------+-------+---------+---------+-------
